Map: [ESL] Data-C

Players

DRG - Winner!

  • Race: Zerg Zerg
  • Spawn Location: 3:00

Neeb

  • Race: Protoss Protoss
  • Spawn Location: 9:00

Event: DreamHack SC2 Masters 2022 Valencia

VOD

Have the link to the VOD?

Description

Time

  • Played on: July 2, 2022, 12:26 p.m.
  • Length: 20:23

All games in this series

Show
View Real Time Build Order
Export as new Build Order

DRG Zerg - Winner!

Build Orders: Hatch First 

Get SALT Encoding   

  12  0:00  Drone  
  13  0:12  Overlord  
  13  0:16  Drone  
  14  0:30  Drone x2  
  14  0:33  Drone  
  17  0:52  Hatchery  
  17  0:55  Drone  
  17  0:58  Drone  
  18  1:09  Extractor  
  17  1:13  Spawning Pool  
  17  1:16  Drone  
  17  1:19  Drone  
  18  1:27  Drone  
  19  1:38  Drone  
  20  1:49  Drone  
  21  1:59  Overlord  
  21  2:03  Queen  
  21  2:04  Queen, Zergling x2  
  26  2:10  Zergling x2  
  26  2:13  Metabolic Boost  
  26  2:15  Drone  
  28  2:21  Drone  
  29  2:27  Drone  
  30  2:32  Drone  
  30  2:35  Hatchery  
  30  2:37  Drone  
  31  2:45  Queen  
  31  2:49  Overlord  
  33  2:52  Drone  
  33  2:54  Drone  
  36  2:58  Drone  
  36  3:03  Overlord  
  36  3:07  Queen  
  38  3:13  Drone x3  
  38  3:16  Drone  
  42  3:20  Queen  
  42  3:25  Zergling x4  
  46  3:31  Overlord  
  47  3:34  Drone  
  46  3:45  Drone x5  
  48  3:50  Queen  
  48  3:53  Drone  
  51  3:56  Drone  
  51  4:00  Drone x2  
  51  4:02  Spore Crawler  
  53  4:05  Drone  
  53  4:06  Drone  
  55  4:13  Drone  
  55  4:16  Drone x4  
  53  4:23  Evolution Chamber, Drone  
  53  4:25  Drone  
  53  4:28  Drone  
  53  4:29  Drone  
  56  4:31  Drone  
  56  4:33  Drone  
  56  4:36  Drone x2  
  60  4:39  Overlord  
  60  4:42  Drone  
  60  4:43  Drone  
  60  4:45  Drone  
  63  4:48  Drone x2  
  63  4:49  Drone  
  63  4:52  Zerg Melee Weapons Level 1  
  65  4:55  Overlord  
  65  4:57  Drone  
  66  5:00  Drone x2  
  66  5:03  Drone x3  
  71  5:16  Hatchery  
  71  5:18  Zergling x10  
  71  5:20  Overlord  
  75  5:26  Overlord  
  75  5:33  Queen  
  73  5:37  Zergling x2  
  73  5:38  Overlord x2  
  73  5:40  Lair  
  73  5:42  Spore Crawler, Roach Warren  
  72  5:45  Zergling x12  
  72  5:47  Overlord  
  79  5:50  Zergling x4  
  79  5:53  Overlord  
  80  6:01  Zergling x10  
  84  6:10  Zergling x12  
  84  6:14  Queen x2  
  87  6:20  Extractor, Drone x5  
  87  6:22  Extractor  
  87  6:23  Drone x2  
  92  6:28  Drone x2  
  92  6:29  Queen  
  96  6:33  Drone x4  
  96  6:37  Drone x2  
  96  6:38  Drone  
  102  6:44  Overlord  
  102  6:45  Drone  
  96  6:57  Zerg Melee Weapons Level 2  
  96  6:58  Zergling x4  
  96  6:59  Zergling x14  
  96  7:00  Evolution Chamber  
  92  7:05  Drone x5  
  96  7:09  Spore Crawler, Zergling x2  
  96  7:12  Zergling x2  
  96  7:13  Overlord  
  96  7:14  Spore Crawler  
  96  7:17  Drone x4  
  100  7:23  Glial Reconstitution, Overlord x2  
  100  7:26  Zerg Ground Armor Level 1  
  100  7:29  Drone x3  
  104  7:30  Baneling Nest, Drone x2, Hatchery  
  104  7:31  Drone  
  104  7:32  Drone  
  104  7:35  Zergling x8  
  107  7:41  Zergling x6  
  102  7:44  Zergling x2  
  102  7:46  Zergling x2  
  104  7:52  Roach x5  
  104  7:57  Roach x4  
  122  7:59  Queen x2  
  122  8:02  Zergling x8  
  122  8:04  Zergling x4  
  131  8:09  Zergling x8  
  129  8:14  Zergling x6  
  129  8:19  Roach x4  
  138  8:22  Overlord  
  138  8:24  Overlord  
  138  8:27  Overlord  
  138  8:30  Roach x2  
  138  8:31  Roach x5  
  138  8:34  Overlord  
  152  8:36  Overlord  
  152  8:39  Overlord  
  151  8:42  Overlord  
  151  8:44  Infestation Pit, Queen  
  151  8:45  Zergling x4  
  154  8:52  Zergling x6  
  157  8:58  Zergling x8  
  157  9:01  Drone x3  
  164  9:04  Zergling x4  
  164  9:09  Zergling x8  
  170  9:12  Zergling x10  
  170  9:15  Zergling x4  
  177  9:18  Centrifugal Hooks, Zerg Missile Weapons Level 1  
  177  9:20  Spore Crawler  
  177  9:23  Zergling x10  
  181  9:27  Roach x5  
  178  9:34  Queen  
  178  9:35  Roach x2  
  178  9:37  Zergling x6  
  170  9:40  Queen  
  170  9:42  Roach x2  
  170  9:43  Roach, Zergling x2  
  170  9:44  Zergling x8  
  166  9:49  Zergling x6  
  166  9:51  Queen  
  162  9:56  Zergling x8  
  163  10:02  Zergling x8  
  161  10:10  Zergling x18  
  161  10:13  Baneling x3, Hatchery  
  166  10:14  Roach  
  166  10:19  Roach x2  
  168  10:22  Zergling x4  
  168  10:25  Queen  
  168  10:26  Hive  
  168  10:27  Queen x2  
  172  10:33  Zergling x8  
  175  10:46  Zergling x12  
  174  10:52  Zergling x4  
  167  10:57  Zergling x4  
  167  11:01  Queen  
  167  11:02  Spine Crawler, Queen  
  167  11:03  Spine Crawler, Zerg Ground Armor Level 2, Queen  
  172  11:06  Zergling x14  
  172  11:07  Zergling x8  
  183  11:12  Zergling x2  
  183  11:13  Zergling x4  
  183  11:17  Zergling x2  
  184  11:25  Roach x2  
  184  11:26  Roach x2  
  184  11:28  Zergling x2  
  173  11:33  Roach x5  
  173  11:35  Zergling x16  
  173  11:37  Queen, Zergling x2  
  173  11:38  Queen x2, Adrenal Glands  
  194  11:45  Zergling x8  
  198  11:50  Zergling x4  
  197  11:57  Zergling x6  
  197  12:01  Zergling x4  
  199  12:03  Zergling x10  
  196  12:09  Zergling x8  
  196  12:11  Baneling x10  
  200  12:21  Zergling x18  
  200  12:22  Zergling x6  
  185  12:31  Zergling x22  
  195  12:39  Zerg Melee Weapons Level 3  
  195  12:41  Zergling x8  
  199  12:47  Hatchery  
  198  12:51  Baneling x4  
  198  12:52  Baneling x2  
  198  13:04  Zergling x4  
  200  13:10  Extractor  
  200  13:11  Extractor  
  198  13:16  Zergling x4  
  200  13:22  Baneling  
  187  13:30  Zergling x20  
  187  13:32  Zergling x14  
  187  13:33  Zergling x12  
  180  13:39  Zerg Ground Armor Level 3  
  180  13:40  Zergling x24  
  189  13:42  Zergling x2  
  190  13:49  Drone x4  
  190  13:53  Drone x5  
  199  13:56  Baneling x7  
  199  13:59  Zergling x2  
  197  14:11  Baneling x8  
  195  14:29  Drone x5  
  195  14:30  Spore Crawler  
  198  14:32  Spine Crawler  
  198  14:33  Baneling x15  
  198  14:34  Spine Crawler  
  198  14:37  Baneling x2, Zergling x2  
  198  14:38  Zergling x6  
  200  14:43  Baneling x4  
  196  14:52  Zergling x2  
  196  14:53  Zergling x8  
  199  15:03  Baneling x11  
  199  15:06  Zergling x2  
  200  15:14  Spore Crawler x2  
  200  15:15  Spore Crawler  
  200  15:17  Zergling x6  
  200  15:20  Zerg Missile Weapons Level 2  
  200  15:27  Zergling x2  
  200  15:28  Zergling x18  
  200  15:41  Baneling x3  
  200  15:42  Baneling x6  
  189  15:54  Zergling x20  
  159  15:59  Zergling x38  
  159  16:00  Zergling x14  
  159  16:01  Roach  
  159  16:02  Queen x3  
  159  16:03  Queen  
  158  16:08  Queen  
  158  16:10  Zergling x2  
  158  16:11  Zergling x6  
  164  16:13  Ravager x6  
  164  16:15  Roach x2  
  174  16:20  Roach x2  
  174  16:22  Zergling x8  
  178  16:37  Zergling x18  
  182  16:46  Overlord x2  
  179  16:52  Zergling x2  
  179  16:53  Zergling x12  
  166  17:03  Roach  
  166  17:04  Roach x6  
  166  17:07  Roach x3  
  160  17:12  Ravager x5  
  160  17:15  Zergling x14  
  162  17:17  Zergling x8  
  161  17:26  Hatchery  
  161  17:28  Roach x4  
  156  17:38  Roach x3  
  164  17:48  Baneling x7  
  143  17:51  Zergling x10  
  143  17:55  Hatchery  
  143  17:58  Baneling x7  
  146  18:01  Zergling x6  
  144  18:15  Zergling x4  
  144  18:16  Zergling x2  
  132  18:20  Roach x5  
  112  18:28  Queen x2, Zergling x8  
  101  18:36  Zergling x2  
  82  18:44  Zergling x4  
  72  18:48  Zergling x2  
  72  18:49  Zergling x2  
  73  18:56  Ravager x4  
  77  19:07  Zergling x4  
  79  19:14  Drone x2  
  80  19:23  Zergling x6  
  76  19:30  Zergling x2  
  72  19:35  Roach  
  72  19:36  Ravager  
  73  19:41  Zergling x2  
  73  19:42  Zergling x2  
  74  19:46  Roach  
  72  19:56  Roach x4  
  71  20:01  Zergling x6  
  71  20:05  Ravager  
Show
View Real Time Build Order
Export as new Build Order

Neeb Protoss 

Build Orders: 1 Gate Expand, Oracle Opening 

Get SALT Encoding   

  12  0:00  Probe  
  13  0:12  Probe  
  14  0:17  Pylon  
  14  0:24  Probe  
  15  0:28  Assimilator  
  15  0:36  Probe (Chrono Boost)  
  16  0:44  Gateway  
  16  0:48  Probe (Chrono Boost)  
  17  0:53  Probe (Chrono Boost)  
  18  1:03  Probe  
  19  1:15  Probe  
  20  1:23  Nexus  
  20  1:32  Cybernetics Core  
  20  1:35  Probe  
  21  1:40  Assimilator  
  21  1:47  Probe  
  21  1:49  Pylon  
  22  2:00  Probe (Chrono Boost)  
  24  2:08  Stargate  
  24  2:09  Probe (Chrono Boost)  
  24  2:12  Adept  
  24  2:15  Probe (Chrono Boost)  
  26  2:19  Warp Gate  
  27  2:27  Probe (Chrono Boost)  
  28  2:32  Probe (Chrono Boost)  
  28  2:34  Probe  
  30  2:41  Probe  
  30  2:42  Adept  
  33  2:47  Probe  
  33  2:49  Oracle (Chrono Boost)  
  34  2:54  Probe  
  34  2:56  Pylon  
  38  2:59  Probe  
  39  3:06  Probe  
  39  3:11  Probe  
  41  3:14  Gateway  
  41  3:17  Oracle (Chrono Boost)  
  41  3:18  Probe  
  45  3:23  Probe  
  45  3:26  Adept  
  48  3:30  Probe  
  49  3:35  Probe  
  50  3:42  Probe  
  50  3:47  Probe  
  50  3:48  Nexus  
  52  3:51  Pylon  
  52  3:55  Probe  
  52  3:59  Probe  
  52  4:00  Assimilator  
  54  4:04  Assimilator  
  54  4:09  Probe  
  55  4:11  Probe  
  53  4:19  Oracle (Chrono Boost)  
  53  4:20  Gateway  
  53  4:21  Probe  
  53  4:22  Gateway  
  57  4:25  Stalker  
  57  4:27  Probe  
  57  4:31  Pylon  
  60  4:33  Stalker  
  60  4:37  Shield Battery  
  62  4:47  Oracle (Chrono Boost)  
  62  4:49  Probe x2  
  62  4:51  Pylon  
  67  4:54  Stalker  
  69  5:00  Probe  
  69  5:01  Probe  
  69  5:03  Stalker  
  69  5:04  Probe  
  74  5:12  Probe  
  74  5:13  Probe  
  74  5:14  Stalker  
  78  5:16  Probe  
  78  5:18  Stalker x2  
  83  5:24  Probe  
  83  5:25  Probe  
  83  5:28  Probe  
  86  5:39  Stalker x2  
  86  5:41  Twilight Council, Forge  
  91  5:44  Pylon  
  91  5:45  Stalker, Pylon  
  91  5:47  Probe  
  93  5:57  Protoss Ground Weapons Level 1 (Chrono Boost)  
  93  6:01  Probe x2  
  91  6:04  Probe  
  88  6:12  Blink (Chrono Boost)  
  88  6:13  Stalker x4, Probe  
  97  6:28  Nexus  
  97  6:32  Gateway  
  97  6:36  Stalker  
  97  6:37  Stalker x2, Gateway  
  97  6:39  Gateway  
  103  6:41  Pylon  
  103  6:43  Stalker  
  105  6:49  Gateway  
  103  6:55  Probe  
  103  6:57  Probe  
  103  6:59  Probe  
  98  7:02  Stalker x2  
  98  7:03  Stalker  
  98  7:06  Shield Battery  
  98  7:07  Probe  
  105  7:10  Stalker, Probe  
  105  7:11  Forge  
  105  7:13  Probe  
  109  7:19  Probe  
  109  7:22  Probe  
  111  7:24  Photon Cannon  
  111  7:26  Pylon, Protoss Ground Armor Level 1 (Chrono Boost)  
  111  7:27  Stalker x3, Pylon  
  117  7:36  Pylon  
  117  7:43  Charge (Chrono Boost)  
  109  7:45  Stalker x5  
  109  7:47  Probe  
  109  7:48  Probe x2  
  109  7:49  Probe  
  123  8:03  Protoss Ground Weapons Level 2 (Chrono Boost)  
  123  8:04  Gateway x2  
  123  8:05  Gateway  
  121  8:17  Zealot x8  
  137  8:31  Pylon  
  137  8:33  Pylon  
  137  8:35  Pylon  
  137  8:38  Zealot x5  
  137  8:39  Zealot  
  137  8:40  Zealot x2  
  153  8:48  Assimilator  
  153  8:49  Templar Archives  
  153  8:54  Pylon  
  153  8:55  Pylon  
  153  8:57  Assimilator  
  153  8:58  Zealot x5  
  153  8:59  Zealot x2  
  167  9:06  Probe x2  
  167  9:09  Nexus  
  169  9:27  Zealot x10  
  175  9:36  Probe  
  157  9:40  Probe x2  
  157  9:41  Protoss Ground Armor Level 2 (Chrono Boost)  
  157  9:42  Probe  
  146  9:51  Stalker x2  
  146  9:52  Stalker x4  
  138  9:54  Pylon, Probe  
  138  9:59  High Templar x4  
  147  10:00  Probe x2  
  147  10:02  Pylon  
  147  10:03  Zealot  
  147  10:06  Probe  
  146  10:10  Probe  
  133  10:18  Protoss Ground Weapons Level 3 (Chrono Boost)  
  131  10:21  Stalker x4  
  131  10:22  Stalker x2, Archon x2  
  131  10:24  Probe  
  131  10:25  Probe  
  145  10:29  Photon Cannon  
  145  10:32  Photon Cannon  
  141  10:47  Zealot x11  
  147  11:05  Gateway  
  147  11:06  Gateway, Assimilator x2  
  147  11:07  Zealot x7  
  147  11:10  Gateway  
  161  11:12  Zealot x3  
  161  11:14  Gateway  
  161  11:15  Zealot  
  159  11:26  Probe  
  126  11:34  High Templar x2  
  126  11:35  High Templar x6  
  126  11:36  Stalker x2  
  134  11:41  Archon x2  
  134  11:42  Archon  
  132  11:50  Stalker  
  132  11:51  Archon  
  132  11:58  Probe  
  132  12:00  Zealot x2  
  120  12:02  Zealot  
  120  12:05  Probe x3  
  120  12:08  Zealot x10  
  121  12:10  Probe  
  121  12:14  Oracle  
  132  12:24  High Templar x2  
  132  12:28  Archon  
  118  12:31  Stalker x6  
  118  12:32  Stalker x4  
  136  12:42  Nexus  
  136  12:57  High Templar x4, Zealot x3  
  136  12:58  Zealot x2  
  154  13:01  Archon  
  154  13:02  Protoss Shields Level 1 (Chrono Boost), Archon  
  154  13:10  Pylon  
  154  13:18  Assimilator  
  154  13:20  Stalker x5, Assimilator  
  153  13:34  Nexus  
  153  13:39  Oracle  
  154  13:45  Pylon  
  154  13:48  Pylon x2  
  154  13:49  Pylon  
  154  13:50  High Templar x4  
  154  13:51  Zealot x5  
  154  13:52  Pylon  
  154  13:55  Archon x2  
  172  14:12  Photon Cannon x2  
  172  14:13  Shield Battery  
  172  14:16  Stalker x5, Oracle  
  172  14:17  Stalker  
  187  14:18  Photon Cannon x2  
  187  14:21  Nexus  
  182  14:35  Pylon  
  182  14:37  Stalker x5  
  192  14:44  Stalker x2  
  196  14:47  Stalker x2  
  195  14:59  Pylon  
  195  15:00  High Templar  
  195  15:01  High Templar  
  195  15:05  Archon  
  199  15:13  Robotics Facility  
  198  15:35  Zealot  
  198  15:37  Nexus  
  198  15:38  Pylon, Protoss Shields Level 2 (Chrono Boost)  
  200  15:49  Stalker  
  176  16:03  Stalker x10  
  164  16:26  High Templar x5  
  164  16:27  High Templar  
  164  16:28  Zealot x4  
  164  16:31  Archon x3  
  184  16:43  Zealot  
  169  17:08  High Templar x4  
  158  17:09  Zealot x8  
  158  17:13  Archon x2  
  156  17:42  Oracle (Chrono Boost)  
  156  17:45  Zealot x3  
  156  17:46  Zealot x2  
  164  18:16  Nexus  
  138  18:25  Oracle  
  44  19:00  High Templar x2  
  44  19:02  High Templar x2  
  50  19:03  Zealot x2  
  50  19:07  Archon  
  50  19:08  Archon  
  50  19:47  Zealot x2  

Tags
 
Add a new tag
Caveats
  • Supply blocks, unpowered buildings, or Contaminate may cause inaccurate times.
  • Supply counts are checked every 10 seconds.